 Dungeon Crawl Stone Soup version 0.24-a0-516-g9de272bb65 (webtiles) character file.

Game seed: 17604596134190102869

3754 vurker the Arsonist (level 10, 0/65 (66) HPs)
             Began as an Octopode Fire Elementalist on July 21, 2019.
             Was a Believer of Vehumet.
             Slain by a hippogriff (7 damage)
             ... on level 9 of the Dungeon.
             The game lasted 00:24:04 (12213 turns).

vurker the Arsonist (Octopode Fire Elementalist)   Turns: 12213, Time: 00:24:04

HP:   0/65 (66)     AC:  5    Str:  7    XL:     10   Next: 15%
MP:   12/26         EV: 13    Int: 22    God:    Vehumet [**....]
Gold: 279           SH:  0    Dex: 14    Spells: 4/19 levels left

rFire    . . .     SeeInvis .   x - +3 dagger (venom)
rCold    . . .     Gourm    .   (no shield)
rNeg     . . .     Faith    .   t - +1 hat
rPois    .         Spirit   .   (no amulet)
rElec    .         Reflect  .   a - ring of resist corrosion
rCorr    +         Harm     .   r - ring of magical power
MR       .....                  q - +3 ring of protection
Stlth    ++++......             j - +2 ring of intelligence
HPRegen  0.20/turn              (no ring)
MPRegen  0.20/turn              (no ring)
                                (no ring)
                                (no ring)

@: no status effects
A: almost no armour, stealthy swim, amphibious, 8 rings, constrict 8, camouflage
1, gelatinous body 1
a: Renounce Religion


You were on level 9 of the Dungeon.
You worshipped Vehumet.
Vehumet was pleased with you.
You were hungry.

You visited 2 branches of the dungeon, and saw 10 of its levels.

You collected 440 gold pieces.
You spent 161 gold pieces at shops.

Inventory:

Hand Weapons
 x - a +3 dagger of venom (weapon)
   (You took it off a goblin on level 2 of the Dungeon)
Missiles
 h - a throwing net (quivered) {!f}
Armour
 t - a +1 hat (worn)
   (You bought it in a shop on level 5 of the Dungeon)
Jewellery
 a - a ring of resist corrosion (left tentacle)
   (You found it on level 1 of the Dungeon)
 j - a +2 ring of intelligence (on tentacle)
   (You found it on level 9 of the Dungeon)
 q - a +3 ring of protection (on tentacle)
   (You found it on level 6 of the Dungeon)
 r - a ring of magical power (right tentacle)
   (You found it on level 4 of the Dungeon)
Wands
 c - a wand of disintegration (13)
   (You found it on level 8 of the Dungeon)
 g - a wand of clouds (8)
   (You took it off an orc on level 8 of the Dungeon)
 v - a wand of digging (6)
   (You took it off a crimson imp on level 5 of the Dungeon)
Scrolls
 b - 5 scrolls of remove curse {@r2}
 f - a scroll of enchant armour
 m - 2 scrolls of immolation {!r}
Potions
 d - a potion of flight {unknown}
 i - 2 potions of lignification {unknown}
 k - a potion of resistance
 l - 3 potions of heal wounds {unknown}
 n - a potion of magic {unknown}
 o - a potion of invisibility {unknown}
 p - a potion of ambrosia {unknown}
 s - 2 potions of curing {unknown}
 u - a potion of degeneration {unknown}
 A - 3 potions of brilliance
Comestibles
 e - 10 rations {!d}


   Skills:
 + Level 5.3 Fighting
 - Level 2.0 Dodging
 - Level 5.0 Stealth
 + Level 5.2 Spellcasting
 * Level 7.6 Conjurations
 * Level 8.3 Fire Magic
 + Level 4.4 Evocations


You had 4 spell levels left.
You knew the following spells:

 Your Spells              Type           Power        Failure   Level  Hunger
a - Flame Tongue          Conj/Fire      #####        1%          1    None
b - Throw Flame           Conj/Fire      #####.       1%          2    None
c - Conjure Flame         Conj/Fire      #####...     1%          3    ##.....
q - Sticky Flame          Conj/Fire      #####...     3%          4    ####...
z - Fireball              Conj/Fire      #####.....   11%         5    #####..

Your spell library contained the following spells:

 Spells                   Type           Power        Failure   Level  Hunger
 Sandblast                Erth           #.....       10%         1    None
 Inner Flame              Hex/Fire       ###.....     5%          3    ##.....


Dungeon Overview and Level Annotations

Branches:
Dungeon (9/15)             Temple (1/1) D:5
   Lair: D:8-11         Orc: D:9-12

Altars:
Ashenzari
Elyvilon
Fedhas
Hepliaklqana
Kikubaaqudgha
Makhleb
Nemelex Xobeh
Okawaru
Qazlal
Ru
Sif Muna
Trog
Uskayaw
Vehumet
Wu Jian
Xom
Yredelemnul
Zin
The Shining One

Shops:
D:5 (}[

Annotations:
D:1 1 runed translucent door
D:9 1 exclusion, Erica, Pikel


Innate Abilities, Weirdness & Mutations

You cannot wear most types of armour.
You are very stealthy in the water. (Stealth+)
You are amphibious.
You can wear up to eight rings at the same time.
You can use your tentacles to constrict eight enemies at once.
Your skin changes colour to match your surroundings (Stealth+).
Your rubbery body absorbs attacks. (AC +1, EV +1)


Message History

Aim: Erica, wielding a +3 scimitar of flaming and wearing a +2 robe of positive energy (lightly wounded)
The puff of flame hits Erica.
Aim: Erica, wielding a +3 scimitar of flaming and wearing a +2 robe of positive energy (lightly wounded)
The puff of flame hits Erica.
Aim: Erica, wielding a +3 scimitar of flaming and wearing a +2 robe of positive energy (moderately wounded)
The puff of flame misses Erica.
Erica gestures wildly while chanting.
Erica flickers and vanishes!
Deactivating autopickup; reactivate with Ctrl-A.
Okay, then.
The sticky flame hits something.
Erica is covered in liquid flames!
Erica burns!
Erica hits you with a +3 scimitar of flaming.
Erica burns you.
Aim: Erica, wielding a +3 scimitar of flaming and wearing a +2 robe of positive energy (moderately wounded, slightly transparent, covered in liquid flames)
The flame tongue hits Erica but does no damage.
Erica burns!
Pikel the Slaver comes into view.
He is wielding a +2 whip of flaming.
Erica closely misses you.
Aim: Erica, wielding a +3 scimitar of flaming and wearing a +2 robe of positive energy (heavily wounded, slightly transparent, covered in liquid flames)
The flame tongue hits Erica!
Pikel shouts!
You hear a shout! x3
Erica burns!
Aim: Erica, wielding a +3 scimitar of flaming and wearing a +2 robe of positive energy (severely wounded, slightly transparent, covered in liquid flames)
The flame tongue hits Erica.
Erica burns!
Erica hits you with a +3 scimitar of flaming!
Erica burns you. The hippogriff bites you. The hippogriff pecks you.
The hippogriff barely misses you.
Aim: Erica, wielding a +3 scimitar of flaming and wearing a +2 robe of positive energy (severely wounded, slightly transparent, covered in liquid flames)
The flame tongue hits Erica.
Erica burns!
The hippogriff bites you. The hippogriff barely misses you.
The hippogriff closely misses you.
Erica hits you with a +3 scimitar of flaming!
* * * LOW HITPOINT WARNING * * *
Erica burns you.
* * * LOW HITPOINT WARNING * * *
A slave comes into view.
Aim: Erica, wielding a +3 scimitar of flaming and wearing a +2 robe of positive energy (almost dead, slightly transparent, covered in liquid flames)
The flame tongue hits Erica.
Erica burns!
The hippogriff barely misses you. The hippogriff pecks you.
* * * LOW HITPOINT WARNING * * *
The hippogriff barely misses you. Something hits you!
* * * LOW HITPOINT WARNING * * *
Something burns you.
* * * LOW HITPOINT WARNING * * *
Okay, then.
Okay, then.
You can't see that place.
The rock shatters into small pieces.
The hippogriff bites you!
You die...

#.?...##....#..............
#..... #....#######..######
......##....#### ..#
!..............# .#
..p............+ .
#.....##.......#.. #..{..
#.K.###..# ...H.
##..H#..#### ....
#...@......# ....
#....#.....# # ##...# ....+
##### ..## ##


You could see a hippogriff and Pikel.

Vanquished Creatures
  A hippogriff (D:7)
  A spriggan (D:8)
  A steam dragon (D:9)
  Edmund (D:6)
  A water moccasin (D:8)
  A sky beast (D:8)
  A black bear (D:8)
  3 ice beasts
  2 necrophages
  An orc warrior (D:8)
  2 ogres
  A centaur (D:7)
  2 phantoms
  2 bullfrogs (D:7)
  5 scorpions
  A water moccasin zombie (D:6)
  5 killer bees (D:8)
  A bullfrog zombie (D:6)
  4 crimson imps
  5 hounds
  A quasit (D:6)
  A jelly (D:7)
  2 centaur skeletons
  4 orc priests
  5 orc wizards
  6 worker ants
  2 iguanas
  A killer bee zombie (D:8)
  A hound skeleton (D:6)
  Robin (D:3)
  A howler monkey zombie (D:8)
  A howler monkey skeleton (D:8)
  3 gnolls (D:6)
  14 adders
  A shadow imp (D:8)
  An ooze (D:3)
  An adder zombie (D:6)
  5 worms
  3 dart slugs
  4 leopard geckos
  24 orcs
  6 giant cockroaches
  19 goblins
  8 hobgoblins
  16 jackals
  6 quokkas
  4 ball pythons
  9 bats
  4 frilled lizards
  A jackal zombie (D:7)
  6 kobolds
  3 quokka zombies
  A rat (D:2)
206 creatures vanquished.

Notes
Turn   | Place    | Note
-------+----------+-------------------------------------------
     0 | D:1      | vurker the Octopode Fire Elementalist began the quest for
                  | the Orb.
     0 | D:1      | Reached XP level 1. HP: 11/11 MP: 3/3
     1 | D:1      | Found a runed translucent door.
   266 | D:1      | Reached XP level 2. HP: 10/17 MP: 0/5
   404 | D:1      | Learned a level 2 spell: Throw Flame
  1021 | D:2      | Reached skill level 1 in Fighting
  1021 | D:2      | Reached XP level 3. HP: 13/23 MP: 0/6
  2275 | D:2      | Reached XP level 4. HP: 28/28 MP: 3/7
  2320 | D:2      | Learned a level 3 spell: Conjure Flame
  2881 | D:3      | Reached skill level 4 in Fire Magic
  2990 | D:3      | Found a basalt altar of Yredelemnul.
  3153 | D:3      | Reached XP level 5. HP: 33/33 MP: 6/8
  3488 | D:3      | Noticed Robin
  3501 | D:3      | Killed Robin
  3862 | D:3      | You fall into a shaft and drop 1 floor!
  3888 | D:4      | Reached XP level 6. HP: 37/39 MP: 5/9
  4044 | D:4      | Learned a level 4 spell: Sticky Flame
  4191 | D:4      | Noticed a phantom
  4311 | D:4      | Killed a phantom
  4596 | D:4      | Reached XP level 7. HP: 25/45 MP: 11/11
  4861 | D:4      | Reached skill level 5 in Fire Magic
  4864 | D:4      | Reached skill level 5 in Stealth
  4918 | D:4      | Found a sparkling altar of Nemelex Xobeh.
  5898 | D:5      | Entered Level 5 of the Dungeon
  5963 | D:5      | Found a staircase to the Ecumenical Temple.
  5977 | Temple   | Entered the Ecumenical Temple
  6047 | Temple   | Became a worshipper of Vehumet
  6130 | D:5      | Found Rehuhotyx's Gadget Emporium.
  6415 | D:5      | Found Qaoquum's Antique Armour Emporium.
  6418 | D:5      | Bought an embroidered hat for 161 gold pieces
  6624 | D:5      | Found Zunlicko's Antique Weapon Shoppe.
  6693 | D:5      | Found a glowing silver altar of Zin.
  7067 | D:6      | Reached XP level 8. HP: 43/52 MP: 13/13
  7155 | D:6      | Found a shattered altar of Ashenzari.
  7163 | D:6      | Reached skill level 1 in Evocations
  7526 | D:6      | Reached skill level 5 in Conjurations
  8315 | D:6      | Reached skill level 6 in Fire Magic
  8344 | D:6      | Reached * piety under Vehumet
  8344 | D:6      | Offered knowledge of Sting by Vehumet.
  8443 | D:6      | Noticed Edmund
  8455 | D:6      | Killed Edmund
  8812 | D:7      | Noticed a hippogriff
  8819 | D:7      | Killed a hippogriff
  8838 | D:6      | Reached XP level 9. HP: 31/58 MP: 4/15
  9305 | D:7      | Reached skill level 7 in Fire Magic
  9931 | D:7      | Found a sparkling altar of Nemelex Xobeh.
  9933 | D:7      | Found a burning altar of Makhleb.
  9937 | D:7      | Found a hide-covered altar of Uskayaw.
  9941 | D:7      | Found a bloodstained altar of Trog.
 10552 | D:8      | Learned a level 5 spell: Fireball
 10594 | D:8      | Found an ancient bone altar of Kikubaaqudgha.
 10601 | D:8      | Found a shimmering altar of Xom.
 10757 | D:8      | Offered knowledge of Sandblast by Vehumet.
 10889 | D:8      | Reached ** piety under Vehumet
 11185 | D:8      | Reached skill level 5 in Fighting
 11185 | D:8      | Reached skill level 5 in Spellcasting
 11185 | D:8      | Reached skill level 8 in Fire Magic
 11387 | D:8      | Reached XP level 10. HP: 66/66 MP: 17/17
 11787 | D:9      | Noticed a molten gargoyle
 12195 | D:9      | Noticed Erica
 12205 | D:9      | Noticed Pikel
 12213 | D:9      | Slain by a hippogriff

Levels and vault maps discovered:
D:1:      dpeg_arrival_caged_fury, layout_loops_ring
D:2:      layout_basic
D:3:      layout_basic, yredelemnul_altar_generic, kennysheep_generic_room_13,
          uniq_robin
D:4:      layout_gridville, first_ration, nemelex_xobeh_ov_fountains_minmay
D:5:      layout_loops_ring, minmay_temple_entry_tees, serial_shops,
          nicolae_shop_crystal, nicolae_shop_behind_doors, shop, basic_altar
D:6:      layout_basic, cheibrodos_ashenzari_chains, roderic_serpentine_path,
          uniq_edmund
D:7:      layout_loops_ring, minitemple
D:8:      layout_basic, lemuel_crystal_altar, basic_altar, grunt_pizzeria
D:9:      layout_gridville, nicolae_overflow_hidden_temple, serial_shops,
          shop_statue, serial_bayou_pond_d, serial_bayou_pond_d, st_stairs_4,
          minivault_8, uniq_pikel, uniq_erica
Temple:   cyrus_temple_forest

Skill      XL: |  1  2  3  4  5  6  7  8  9 |
---------------+----------------------------+-----
Fighting       | 1 2 3 4 5 |  5.3
Conjurations   | 2 3 4 5 7 |  7.6
Fire Magic     | 4 5 6 8 |  8.3
Stealth        | 3 4 5 |  5.0
Spellcasting   | 3 4 5 |  5.2
Evocations     | 2 4 |  4.4
Dodging        | |  2.0

Action                   |  1- 3 |  4- 6 |  7- 9 | 10-12 || total
-------------------------+-------+-------+-------+-------++-------
Melee: Short sword       |    10 |       |       |       ||    10
       Constrict         |     7 |    17 |     9 |     3 ||    36
       Dagger            |    24 |    52 |    38 |     5 ||   119
       Tentacles         |     1 |     8 |     7 |     2 ||    18
 Cast: Flame Tongue      |    57 |    85 |   280 |    58 ||   480
       Throw Flame       |     1 |     3 |    21 |     8 ||    33
       Sticky Flame      |       |     1 |     8 |     3 ||    12
       Conjure Flame     |       |       |     1 |       ||     1
Evoke: Wand              |       |       |       |     1 ||     1
  Use: Scroll            |       |       |    11 |     4 ||    15
 Stab: Sleeping          |       |     6 |     1 |       ||     7
  Eat: Chunk             |     5 |     6 |    10 |     3 ||    24
       Ration            |       |     1 |     3 |       ||     4
Armor: Skin              |     2 |     7 |    35 |     7 ||    51
Dodge: Dodged            |    37 |    72 |   114 |    28 ||   251

Table legend:
 A = Non-vault XP
 B = Vault XP
 C = Vault XP percentage of total XP
 D = Non-vault monster count
 E = Vault monster count
 F = Vault count percentage of total count
                 A         B        C        D         E       F
            +---------+---------+-------+---------+---------+-------
      Total |    4945 |     418 |   7.8 |     192 |      14 |   6.8
            +---------+---------+-------+---------+---------+-------
        D:1 |      26 |       0 |   0.0 |      13 |       0 |   0.0
        D:2 |      89 |       0 |   0.0 |      30 |       0 |   0.0
        D:3 |     254 |      36 |  12.4 |      37 |      12 |  24.5
        D:4 |     562 |       0 |   0.0 |      18 |       0 |   0.0
        D:5 |     163 |       0 |   0.0 |      10 |       0 |   0.0
        D:6 |     865 |     158 |  15.4 |      25 |       1 |   3.8
        D:7 |    1056 |       0 |   0.0 |      19 |       0 |   0.0
        D:8 |    1581 |     224 |  12.4 |      36 |       1 |   2.7
        D:9 |     349 |       0 |   0.0 |       4 |       0 |   0.0
            +---------+---------+-------+---------+---------+-------
